 Dungeon Crawl Stone Soup version 0.21.1-1-g345015f (webtiles) character file.

40 rlgrobin the Covered (level 3, -2/30 HPs)
             Began as a Barachi Fighter on Feb 5, 2018.
             Splashed by a jelly's acid (8 damage)
             ... on level 2 of the Dungeon.
             The game lasted 00:03:53 (1056 turns).

rlgrobin the Covered (Barachi Fighter)              Turns: 1056, Time: 00:03:54

Health: -2/30      AC:  0    Str: 18    XL:     3   Next: 50%
Magic:  3/3        EV:  9    Int:  8    God:
Gold:   87         SH:  4    Dex: 11    Spells: 2/2 levels left

rFire    . . .     SeeInvis .   a - +0 war axe
rCold    . . .     Gourm    .   k - +0 buckler
rNeg     . . .     Faith    .   b - +0 scale mail
rPois    .         Spirit   .   (no helmet)
rElec    .         Reflect  .   (no cloak)
rCorr    .         Harm     .   (no gloves)
MR       .....                  (no boots)
Stlth    ..........             (no amulet)
HPRegen  0.10/turn              (no ring)
MPRegen  0.08/turn              (no ring)

@: corroded, slow
A: +LOS, swims, slowness 1, strong legs 1
a: Hop


You were on level 2 of the Dungeon.
You were not hungry.

You visited 1 branch of the dungeon, and saw 2 of its levels.

You collected 87 gold pieces.


Innate Abilities, Weirdness & Mutations

Shadows flee at your approach. (+LOS)
You can swim through water.
You cover ground slowly.
You can hop short distances.


   Skills:
 + Level 4.1 Fighting
 + Level 2.8 Axes
 + Level 4.1 Armour
 + Level 3.7 Shields


You had 2 spell levels left.
You didn't know any spells.

Inventory:

Hand Weapons
 a - a +0 war axe (weapon)
Armour
 b - a +0 scale mail (worn)
 c - a +0 shield
 k - a +0 buckler (worn)
Jewellery
 o - an uncursed ring of poison resistance {unknown}
Scrolls
 e - 2 scrolls of amnesia
 g - 2 scrolls of fear
 j - a scroll of teleportation {unknown}
 m - a scroll of remove curse {unknown}
Potions
 d - a potion of might
 h - 2 potions of degeneration {unknown}
 i - a potion of heal wounds {unknown}
 l - a potion of agility {unknown}
Comestibles
 f - 2 rations
 n - a chunk of flesh

Dungeon Overview and Level Annotations

Branches:
Dungeon (2/15)

Altars:
Xom

▒.▒ ▒▒▒▒▒▒▒ ▒.▒
▒▒▒▒▒.. ..▒ ▒.▒
......▒▒▒.▒▒▒▒▒.▒
......▒..... ..▒
.♣.♣..▒.▒.▒▒▒▒▒.▒▒
.........>....▒..▒▒▒
.♣.♣.♣......▒......▒
....).....▒▒▒▒▒▒F..▒
▒♣.♣▒♣...▒▒..+.J...▒
▒.▒▒....▒...▒▒▒...▒
♣)♣.....▒...▒ ▒...▒
▒...▒▒▒▒▒._.+ +...▒
▒▒▒▒▒ ▒...▒ ▒...▒
▒...▒ ▒...▒ ▒..+
+...▒ ▒▒▒ ▒...▒


You could see a jelly.


Message History

A jelly comes into view!
The jelly quivers!
A jelly is nearby!!!
You chop the jelly into pieces!
Your hands burn!!!
The jelly is moderately wounded!
The jelly barely misses you!
You take 5 damage, and have 25/30 hp!
You cut the jelly into ribbons!
Your hands burn!!!
The jelly is moderately wounded!
The jelly hits you but does no damage! You block the jelly's attack!
You carve the jelly like a ham!
Your hands burn!!!
The jelly is heavily wounded!
The jelly hits you but does no damage!
You take 1 damage, and have 24/30 hp!
You slice the jelly like a ripe choko! The acid corrodes you!!!
Your hands burn!!!
The jelly is severely wounded!
The jelly hits you!
You are splashed with acid!!!
The acid burns!!! * * * don't die
* * * You take 10 damage, and have 14/30 hp!
MASSIVE DAMAGE!!!!!!
You are too injured to fight recklessly!!!
You are too injured to fight recklessly!!!
You are too injured to fight recklessly!!!
You chop the jelly but do no damage!
Your hands burn!!! * * * don't die
* * * The jelly is severely wounded!
The jelly hits you! * * * don't die
* * * The acid corrodes you!!!
You are splashed with acid!!!
The acid burns!!! rip

Action                   || total
-------------------------++-------
Melee: War axe           ||    91
 Abil: Hop               ||     1
  Use: Scroll            ||     2
  Eat: Chunk             ||     1
Armor: Scale mail        ||    66
Dodge: Dodged            ||    42
Block: Shield            ||    24
       Buckler           ||     5

Vault maps used:
D:1:      eino_arrival_cavern_a, hangedman_abyss_or_decor_lesser_grid,
          minmay_tromino_i2
D:2:      lemuel_coloured_pillars_altar, serial_forest,
          infiniplex_forest_clump_tiny, infiniplex_forest_zigzag_1,
          infiniplex_forest_lined_2, infiniplex_forest_side_room,
          infiniplex_forest_lined_4_way, infiniplex_forest_lined_1,
          dk_xom_monty_hall

Notes
Turn   | Place    | Note
-------+----------+-------------------------------------------
     0 | D:1      | rlgrobin the Barachi Fighter began the quest for the Orb.
     0 | D:1      | Reached XP level 1. HP: 18/18 MP: 1/1
   242 | D:1      | Reached XP level 2. HP: 21/25 MP: 2/2
   494 | D:1      | Reached skill level 4 in Fighting
   494 | D:1      | Reached skill level 4 in Armour
   552 | D:1      | Reached XP level 3. HP: 30/30 MP: 3/3
  1033 | D:2      | Found a shimmering altar of Xom.
  1056 | D:2      | Splashed by a jelly's acid

Vanquished Creatures
  An ooze (D:1)
  A worm (D:2)
  A ball python (D:1)
  2 bats
  4 giant cockroaches
  2 hobgoblins (D:1)
  6 kobolds
  2 quokkas (D:2)
  5 frilled lizards
  4 goblins (D:1)
  3 rats
31 creatures vanquished.
